 Dungeon Crawl Stone Soup version 0.28-a0-1365-g7e0445c96d (webtiles) character file.

Game seed: 12424525775582148168

11 Deminshera the Caller (level 2, -2/24 HPs)
             Began as an Ogre Summoner on Dec 31, 2021.
             Slain by a goblin (4 damage)
             ... on level 1 of the Dungeon.
             The game lasted 00:00:51 (758 turns).

Deminshera the Caller (Ogre Summoner)                Turns: 758, Time: 00:00:52

Health: -2/24      AC:  3    Str: 11    XL:     2   Next: 25%
Magic:  2/5        EV:  9    Int: 16    God:
Gold:   31         SH:  0    Dex:  9    Spells: 3/6 levels left

rFire   . . .      SeeInvis .   (no weapon)
rCold   . . .      Faith    .   (no shield)
rNeg    . . .      Spirit   .   a - +0 robe
rPois   .          Reflect  .   (helmet restricted)
rElec   .          Harm     .   (no cloak)
rCorr   .          Rampage  .   (gloves unavailable)
Will    .....                   (boots unavailable)
Stlth   +.........              (no amulet)
HPRegen 0.08/turn               (no ring)
MPRegen 0.09/turn               (no ring)

@: no status effects
A: large, unfitting armour, tough skin 1
a: no special abilities


You were on level 1 of the Dungeon.
You visited 1 branch of the dungeon, and saw 1 of its levels.

You collected 31 gold pieces.

Inventory:

Armour
 a - a +0 robe (worn)
Scrolls
 b - a scroll of fog {unknown}


   Skills:
 - Level 1.7 Dodging
 - Level 1.4 Stealth
 + Level 2.7 Spellcasting
 * Level 4.0 Summonings


You had 3 spell levels left.
You knew the following spells:

 Your Spells              Type           Power      Damage    Failure   Level
a - Summon Small Mammal   Summ           60%        N/A       3%          1
b - Call Imp              Summ           15%        N/A       5%          2

Your spell library contained the following spells:

 Spells                   Type           Power      Damage    Failure   Level
 Call Canine Familiar     Summ           15%        N/A       11%         3
 Summon Guardian Golem    Hex/Summ       8%         N/A       26%         3
 Summon Lightning Spire   Summ/Air       8%         N/A       63%         4


Dungeon Overview and Level Annotations

Branches:
Dungeon (1/15)

Altars:


Innate Abilities, Weirdness & Mutations

You are too large for most types of armour.
You have tough skin. (AC +1)


Message History

* * * LOW HITPOINT WARNING * * *
The rat bites you.
* * * LOW HITPOINT WARNING * * *
Your crimson imp barely misses the rat.
The rat closely misses you.
Your crimson imp closely misses the rat.
The jackal barely misses you. The rat bites your crimson imp.
Your crimson imp closely misses the rat.
The rat misses your crimson imp.
Your crimson imp hits the rat.
The rat dies!
You hit the jackal but do no damage.
The jackal is lightly wounded.
The jackal bites you.
* * * LOW HITPOINT WARNING * * *
Your crimson imp barely misses the jackal.
The jackal bites you.
* * * LOW HITPOINT WARNING * * *
The jackal closely misses you.
Your crimson imp hits the jackal.
The jackal bites your crimson imp but does no damage.
The goblin misses your crimson imp.
Your crimson imp hits the jackal.
The jackal dies!
Your Summonings skill increases to level 4!
What are your orders? t - Shout!
Orders for allies: a - Attack new target. r - Retreat! s - Stop attacking. g - Guard the area. f - Follow me.
Anything else - Cancel.
Gang up on whom?
Press: ? - help, Dir - move target, f - goblin
Aim: a goblin, wielding a +0 club Attack!
The goblin barely misses your crimson imp.
Your crimson imp blinks!
You see here a rat corpse.
Casting: Call Imp (safe; 5% risk of failure)
Confirm with . or Enter, or press ? or * to list all spells.
A beastly little devil appears in a puff of flame.
The goblin hits you with a +0 club.
You die...

....# # ... #..# # ...
#..#### # ...
###.....####### ...
#.(............
..#.##.#...#.############
.........†..............#
##...>..#†...........#
##........g@5.......###
#.....####.........(...#
#.##..# ##########....#
#. #..# #....# . ....
#....###### ## ##.#..
#....#..... #.#...
#....#.##.# #.#....
#....'..... #....#.##..


You could see a goblin (ally target) and a friendly crimson imp (summoned).

Vanquished Creatures
  A goblin (D:1)
  A rat (D:1)
2 creatures vanquished.

Vanquished Creatures (collateral kills)
  A dart slug (D:1)
  2 ball pythons (D:1)
  A goblin (D:1)
  A jackal (D:1)
  2 rats (D:1)
7 creatures vanquished.

Grand Total: 9 creatures vanquished

Notes
Turn   | Place    | Note
-------+----------+-------------------------------------------
     0 | D:1      | Deminshera the Ogre Summoner began the quest for the Orb.
     0 | D:1      | Reached XP level 1. HP: 16/16 MP: 3/3
   628 | D:1      | Reached XP level 2. HP: 24/24 MP: 3/5
   631 | D:1      | Learned a level 2 spell: Call Imp
   745 | D:1      | HP: 1/24 [jackal (1)]
   748 | D:1      | Reached skill level 4 in Summonings
   758 | D:1      | Slain by a goblin

Illustrated notes

Levels and vault maps discovered:
D:1:      kennysheep_arrival_seaside, layout_basic,
          hellmonk_ecumenical_altar_watching_god

Skill      XL: |  1  2 |
---------------+-------+-----
Summonings     | 4 |  4.0
Dodging        | |  1.7
Stealth        | |  1.4
Spellcasting   | |  2.7

Action                   || total
-------------------------++-------
Melee: Unarmed           ||    28
 Cast: Summon Small Mamm ||     3
       Call Imp          ||     4
Armor: Robe              ||    10
Dodge: Dodged            ||    34

Table legend: (Time is in decaauts)
 A = Elapsed time spent in this place.
 B = Non-inter-level travel time spent in this place.
 C = Inter-level travel time spent in this place.
 D = Time resting spent in this place.
 E = Time spent auto-exploring this place.
 F = Levels seen in this place.
 G = Mean time per level.
                   A        B        C        D        E       F      G
               +--------+--------+--------+--------+--------+-----+--------+
         Total |    758 |    758 |      0 |    542 |    133 |   1 |  758.0 |
       Dungeon |    758 |    758 |      0 |    542 |    133 |   1 |  758.0 |
               +--------+--------+--------+--------+--------+-----+--------+

Top non-repeatable levels by time:
     D:1: 758 daAuts
